cohdb
Replays
Latest Replays
All Replays
Popular Replays
Top Player Replays
Match Explorer
How It Works
Community
CoH3 Stats
Reddit
Sign in to upload your games and track your stats! →
Sign in with Steam
Match 41365586
Unlisted
Match 41365586
Overview
Messages
Build Orders
End
Panzergrenadier Squad
Panzergrenadier Squad
250 Light Carrier
Construct Light Support Kompanie
Assault Grenadier Squad
Fire Support Elements
Combat Half-tracks
Assault Mechanized Group
Flakvierling Half-track
Vehicle Survival Package
Panzerjäger Squad
Selects Battlefield Espionage Battlegroup
Selects Sector Subterfuge Beacon
Selects Transfer Depots
Selects Firestorm
カルト_くん
HardyStyled
冬瓜汤涩
NanoLoki
0
0
Comments
sign in to comment!
No comments posted yet!